 Dungeon Crawl Stone Soup version 0.31-a0-523-g071a6c1ffa (webtiles) character file.

Game seed: 5296080610386233100

2 GordonOverkill the Sneak (level 1, -1/11 HPs)
             Began as a Vine Stalker Delver on Aug 10, 2023.
             Slain by an orc
             ... wielding a +0 trident
              (5 damage)
             ... on level 4 of the Dungeon.
             The game lasted 00:00:49 (194 turns).

GordonOverkill the Sneak (Vine Stalker Delver)       Turns: 194, Time: 00:00:50

Health: -1/11      AC:  3    Str: 14    XL:     1   Next: 30%
Magic:  0/2        EV: 11    Int: 10    God:
Gold:   0          SH:  0    Dex: 15    Spells: 0/0 levels left

rFire   . . .        a - +0 mace
rCold   . . .        (no shield)
rNeg    . . .        b - +0 leather armour
rPois   .            (no helmet)
rElec   .            (no cloak)
rCorr   .            (no gloves)
SInv    .            (no boots)
Will    .....        (no amulet)
Stlth   +++          (no ring)
HPRegen 0.21/turn    (no ring)
MPRegen 0.08/turn

%: guardian spirit
@: hasted, very quick
A: fangs 2, magic shield, antimagic bite, no potion heal 2
a: no special abilities


You were on level 4 of the Dungeon.
You visited 1 branch of the dungeon, and saw 3 of its levels.

Inventory:

Hand Weapons
 a - a +0 mace (weapon)
Armour
 b - a +0 leather armour (worn)
Wands
 g - a wand of digging (3)
Scrolls
 c - a scroll of fog
 d - a scroll of revelation
 e - a scroll of fear
Potions
 f - 2 potions of haste
 h - a potion of heal wounds {unknown}
 i - a potion of curing {unknown}


   Skills:
 - Level 2.6 Fighting
 + Level 2.0 Maces & Flails
 - Level 1.5 Dodging
 - Level 6.0 Stealth


You couldn't memorise any spells.
You didn't know any spells.
Your spell library was empty.

Dungeon Overview and Level Annotations

Branches:
Dungeon (6/15)
 Temple: D:4-7

Altars:


Innate Abilities, Weirdness & Mutations

You have extremely sharp teeth.
When hurt, damage is shared between your health and your magic reserves.
Your bite disrupts and absorbs the magic of your enemies.
Potions cannot restore your health.


Message History

You can't go up here!
There is a stone staircase leading up here.
You climb upwards.
There is a stone staircase leading down here.
f - 3 potions of haste (gained 2)
There is a stone staircase leading down here.
A water moccasin comes into view.
A water moccasin is nearby!
A water moccasin is nearby!
There is a stone staircase leading up here.
You climb upwards.
Found 17 gold pieces and a trident.
There is a stone staircase leading down here.
An orc comes into view. It is wielding a +0 trident.
An orc is nearby!
The orc shouts!
You hear a shout! x3
The orc hits you from afar with a +0 trident.
An orc and an orc priest come into view.
The orc shouts!
An orc comes into view. It is wielding a +0 hand axe.
The orc hits you but does no damage.
The orc shouts!
You hit the orc. You bite the orc.
You kill the orc!
Your Maces & Flails skill increases to level 2!
You closely miss the orc priest. You closely miss the orc priest.
The orc priest hits you with a +0 dagger.
* * * LOW HITPOINT WARNING * * *
You feel yourself speed up. The orc closely misses you.
The orc barely misses you.
The orc priest hits you but does no damage.
You sock the orc priest!
The orc priest is heavily wounded.
The orc closely misses you.
The orc priest mumbles some strange prayers to Beogh against you.
Pain shoots through your body!
* * * LOW HITPOINT WARNING * * *
The orc hits you from afar with a +0 trident.
You die...

##. #.. #.# ..# #
#.#
####.##.####.##
.....ooo.......
#@# #.#
##.######.###.##
.......>.$.......
####.#.####)#.###
#. .# #. # #. #.


You could see an orc priest and 2 orcs.

Vanquished Creatures
  An orc (D:4)
1 creature vanquished.

Notes
Turn   | Place    | Note
-------+----------+-------------------------------------------
     0 | D:5      | GordonOverkill the Vine Stalker Delver began the quest for
                  | the Orb.
     0 | D:5      | Reached XP level 1. HP: 11/11 MP: 2/2
    80 | D:6      | Noticed a jelly
   105 | D:6      | Noticed a water moccasin
   179 | D:5      | Noticed a water moccasin
   189 | D:4      | Noticed an orc priest
   194 | D:4      | Slain by an orc

Illustrated notes

Levels and vault maps discovered:
D:4:      layout_basic, serial_undead, serial_undead_e, serial_undead_c,
          serial_undead_b, serial_undead_c, hangedman_decor_clover_reticule
D:5:      layout_basic, kennysheep_generic_room_14
D:6:      layout_cave_pods, mainiacjoe_overflow_alcove_4,
          minmay_temple_entry_mini_moons, kennysheep_boxes

Skill      XL: |  1 |
---------------+----+-----
Maces & Flails | 2 |  2.0
Fighting       | |  2.6
Dodging        | |  1.5
Stealth        | |  6.0

Action                     || total
---------------------------++-------
  Melee: Mace              ||     4
         Bite              ||     1
    Use: Potion            ||     1
 Armour: Leather armour    ||     2
  Dodge: Dodged            ||     3

Table legend: (Time is in decaauts)
 A = Elapsed time spent in this place.
 B = Non-inter-level travel time spent in this place.
 C = Inter-level travel time spent in this place.
 D = Time resting spent in this place.
 E = Time spent auto-exploring this place.
 F = Levels seen in this place.
 G = Mean time per level.
                   A        B        C        D        E       F      G
               +--------+--------+--------+--------+--------+-----+--------+
         Total |    195 |    161 |     34 |      0 |      0 |   3 |   65.0 |
       Dungeon |    195 |    161 |     34 |      0 |      0 |   3 |   65.0 |
               +--------+--------+--------+--------+--------+-----+--------+

Top non-repeatable levels by time:
     D:6: 117 daAuts
     D:5: 67 daAuts
     D:4: 9 daAuts
